 Dungeon Crawl Stone Soup version 0.31-a0-237-g2d982f9f85 (webtiles) character file.

Game seed: 16894092829057456154

5381 qw the Skirmisher (level 10, -2/88 HPs)
             Began as a Minotaur Hexslinger on July 11, 2023.
             Was a Priest of Okawaru.
             Slain by a vampire (5 damage)
             ... on level 10 of the Dungeon.
             The game lasted 00:02:32 (7464 turns).

qw the Skirmisher (Minotaur Hexslinger)             Turns: 7464, Time: 00:02:33

Health: -2/88      AC: 12    Str: 13    XL:     10   Next: 39%
Magic:  12/12      EV: 13    Int: 10    God:    Okawaru [***...]
Gold:   477        SH:  0    Dex: 17    Spells: 10/11 levels left

rFire   + . .        g - +2 orcbow (drain)
rCold   . . .        (shield currently unavailable)
rNeg    . . .        a - +0 ring mail
rPois   .            (helmet restricted)
rElec   .            d - +0 cloak
rCorr   .            i - +0 pair of gloves
SInv    .            (no boots)
Will    .....        (no amulet)
Stlth   +            j - +4 ring of protection
HPRegen 0.34/turn    f - ring of protection from fire
MPRegen 0.13/turn

%: no passive effects
@: no status effects
A: horns 2, retaliatory headbutt, wild magic 1
a: Renounce Religion, Heroism


You were on level 10 of the Dungeon.
You worshipped Okawaru.
Okawaru was most pleased with you.
You visited 2 branches of the dungeon, and saw 11 of its levels.

You collected 477 gold pieces.


Innate Abilities, Weirdness & Mutations

You have a pair of horns on your head.
You reflexively headbutt those who attack you in melee.
Your spells are a little harder to cast, but a little more powerful.


   Skills:
 - Level 8.0 Fighting
 + Level 12.8 Ranged Weapons
 - Level 4.0 Armour
 - Level 6.3 Dodging
 - Level 1.0 Spellcasting
 - Level 2.0 Hexes
 - Level 4.0 Invocations


You had 10 spell levels left.
You knew the following spells:

 Your Spells              Type           Power      Damage    Failure   Level
a - Slow                  Hex            20%        N/A       38%         1

Your spell library contained the following spells:

 Spells                   Type           Power      Damage    Failure   Level
 Inner Flame              Hex/Fire       3%         N/A       86%         3
 Portal Projectile        Hex/Tloc       6%         N/A       86%         3
 Cause Fear               Hex            2%         N/A       98%         4

Inventory:

Hand Weapons
 g - a +2 orcbow of draining (weapon)
Armour
 a - a +0 ring mail (worn)
 d - a +0 cloak (worn)
 i - a +0 pair of gloves (worn)
Jewellery
 f - a ring of protection from fire (right hand)
 j - a +4 ring of protection (left hand)
 k - a ring of willpower
Wands
 b - a wand of digging (5)
Scrolls
 c - a scroll of identify
Potions
 e - a potion of mutation
 h - a potion of haste {unknown}
 l - a potion of brilliance {unknown}
 m - a potion of invisibility {unknown}
 n - a potion of curing
 o - a potion of might {unknown}

Dungeon Overview and Level Annotations

Branches:
Dungeon (10/15)            Temple (1/1) D:5
   Lair: D:8-11         Orc: D:9-12

Altars:
Ashenzari
Cheibriados
Dithmenos
Elyvilon
Fedhas
Gozag
Hepliaklqana
Kikubaaqudgha
Makhleb
Nemelex Xobeh
Okawaru
Qazlal
Ru
Sif Muna
Trog
Uskayaw
Vehumet
Wu Jian
Xom
Yredelemnul
Zin
The Shining One
Lugonu

Annotations:
D:2 1 runed translucent door, Crazy Yiuf
D:5 1 runed translucent door, qw's ghost, amateur GrHs
D:10 1 transporter


Message History

You shoot an arrow. Something hits you. Something barely misses you.
You shoot an arrow. Something hits you. Something barely misses you.
You shoot an arrow. Something hits you. Something bites you.
Something draws strength from your injuries!
You shoot an arrow. Something hits you but does no damage. Something bites you.
Something draws strength from your injuries!
You shoot an arrow. Something hits you but does no damage.
Something barely misses you.
You shoot an arrow. You shoot an arrow. Something hits you but does no damage.
Something bites you.
Something draws strength from your injuries!
You shoot an arrow. Something hits you. Something bites you.
Something draws strength from your injuries!
You shoot an arrow. Something hits you. Something bites you.
Something draws strength from your injuries!
You shoot an arrow. Something completely misses you. Something bites you.
Something draws strength from your injuries!
You shoot an arrow. Something hits you. Something bites you!
Something draws strength from your injuries!
You shoot an arrow. Something hits you. Something bites you.
Something draws strength from your injuries!
You shoot an arrow. Something hits you! Something bites you.
Something draws strength from your injuries!
You shoot an arrow. Something hits you. Something bites you!
Something draws strength from your injuries!
You shoot an arrow. Something hits you.
You die...

...#.. .... .# .....
...##.# ....#......#
#?..........
#...........
#......>.... ###
#..{........ ..#
#########@....... #.####
#................
#....###................
...#.......####.....####
##.####...##u.##...##?.#
#..#.....#..x##...##.|.
##.#<##.##... ##^##..#.
###.#.....### ..###x..#
...).##.... #.......##


You could see 2 small abominations.

Vanquished Creatures
  A two-headed ogre (D:7)
  A deep elf pyromancer (D:10)
  Psyche (D:9)
  Prince Ribbit (D:6)
  5 yaks (D:8)
  A wyvern (D:9)
  Menkaure (D:7)
  2 steam dragons
  2 water moccasins
  2 black bears
  An orc warrior (D:9)
  3 ice beasts
  2 phantoms
  3 kobold brigands
  3 bullfrogs
  A scorpion (D:7)
  8 wights
  2 howler monkeys
  A jelly (D:6)
  3 hounds (D:6)
  2 sleepcaps (D:6)
  A gnoll bouda (D:6)
  3 orc priests
  2 iguanas
  9 orc wizards
  Robin (D:3)
  11 gnolls
  4 adders
  A white imp (D:5)
  2 worms
  2 dart slugs (D:5)
  30 orcs
  3 endoplasms
  2 giant cockroaches (D:1)
  6 hobgoblins
  2 jackals (D:4)
  17 kobolds
  5 quokkas
  5 ball pythons
  6 bats
  2 frilled lizards
  11 goblins
  5 rats
176 creatures vanquished.

Vanquished Creatures (others)
  An orc (D:10)
1 creature vanquished.

Grand Total: 177 creatures vanquished

Notes
Turn   | Place    | Note
-------+----------+-------------------------------------------
     0 | D:1      | qw the Minotaur Hexslinger began the quest for the Orb.
     0 | D:1      | Reached XP level 1. HP: 16/16 MP: 1/1
     0 | D:1      | 0 ||| qw: Version: 0.3-a-52-g30416fa
     0 | D:1      | 0 ||| qw: Game counter: 5605
     0 | D:1      | 0 ||| qw: Melee chars always use a shield: true
     0 | D:1      | 0 ||| qw: God list: Okawaru
     0 | D:1      | 0 ||| qw: Allow faded altars: false
     0 | D:1      | 0 ||| qw: Do Orc after clearing Dungeon:15 true
     0 | D:1      | 0 ||| qw: Do second Lair branch before Depths: true
     0 | D:1      | 0 ||| qw: Lair rune preference: random
     0 | D:1      | 0 ||| qw: Goals: Normal
     0 | D:1      | 0 ||| PLANNING D:1-11
   189 | D:1      | Reached skill level 3 in Ranged Weapons
   189 | D:1      | Reached XP level 2. HP: 23/23 MP: 2/2
   476 | D:1      | 476 ||| READING scroll labelled TAEPAL HEOCKUM.
   477 | D:1      | 477 ||| DRINKING 2 inky potions.
   478 | D:1      | 478 ||| DROPPING scroll of poison.
   692 | D:2      | Found a faded altar of an unknown god.
   744 | D:2      | Reached XP level 3. HP: 29/29 MP: 3/3
   979 | D:2      | Found a runed translucent door.
   980 | D:2      | Noticed Crazy Yiuf
   983 | D:2      | 983 ||| UPGRADING to +0 leather armour.
   993 | D:2      | 993 ||| DROPPING +0 robe.
   994 | D:2      | 994 ||| READING scroll labelled GOL ZIUNAITZ.
   995 | D:2      | 995 ||| READING scroll labelled LONEMU IMNYM.
   996 | D:2      | 996 ||| DRINKING 2 yellow potions.
  1186 | D:3      | Reached skill level 4 in Ranged Weapons
  1186 | D:3      | Reached XP level 4. HP: 16/36 MP: 4/4
  1439 | D:3      | Noticed Robin
  1452 | D:3      | HP: 8/36 [goblin/+0 club[Robin] (3)]
  1453 | D:3      | 1453 ||| DRINKING potion of heal wounds.
  1457 | D:3      | Killed Robin
  1463 | D:3      | Reached skill level 5 in Ranged Weapons
  1465 | D:3      | HP: 9/36 [goblin/+0 club[Robin] (4)]
  1480 | D:3      | 1480 ||| FLEEEEING.
  1833 | D:3      | 1833 ||| UPGRADING to +0 ring mail.
  1843 | D:3      | 1843 ||| DROPPING +0 leather armour.
  1844 | D:3      | 1844 ||| UPGRADING to +0 pair of gloves.
  1849 | D:3      | 1849 ||| UPGRADING to +4 ring of protection.
  1850 | D:3      | 1850 ||| READING 2 scrolls labelled HOIBBI SOIGARE.
  1851 | D:3      | 1851 ||| READING 3 scrolls labelled ZEOTADIHIU.
  1855 | D:3      | 1855 ||| READING scroll labelled KUWNEXA NULEM.
  1949 | D:4      | Found a shimmering blue altar of Sif Muna.
  1954 | D:4      | Reached skill level 1 in Armour
  2112 | D:4      | Reached XP level 5. HP: 44/44 MP: 5/5
  2259 | D:4      | Found a sparkling altar of Nemelex Xobeh.
  2259 | D:4      | Found a hide-covered altar of Uskayaw.
  2264 | D:4      | Reached skill level 3 in Fighting
  2264 | D:4      | Found a white marble altar of Elyvilon.
  2312 | D:4      | 2312 ||| UPGRADING to ring of willpower.
  2313 | D:4      | 2313 ||| DRINKING 2 sedimented yellow potions.
  2313 | D:4      | Gained mutation: Your spells are a little harder to cast,
                  | but a little more powerful. [potion of mutation]
  2314 | D:4      | 2314 ||| DRINKING 3 cyan potions.
  2352 | D:4      | 2352 ||| DROPPING 2 potions of lignification.
  2363 | D:5      | Entered Level 5 of the Dungeon
  2363 | D:5      | Noticed a black bear
  2372 | D:5      | 2372 ||| STAIRDANCE
  2375 | D:4      | Killed a black bear
  2376 | D:4      | Reached skill level 6 in Ranged Weapons
  2430 | D:5      | 2430 ||| READING scroll of enchant weapon.
  2430 | D:5      | 2430 ||| ENCHANTING +2 sling of flaming.
  2438 | D:5      | Noticed a phantom
  2450 | D:5      | Killed a phantom
  2451 | D:5      | Reached XP level 6. HP: 52/52 MP: 6/6
  2465 | D:5      | 2465 ||| READING scroll of brand weapon.
  2465 | D:5      | 2465 ||| BRANDING +3 sling of flaming.
  2606 | D:5      | Found a staircase to the Ecumenical Temple.
  2607 | D:5      | 2607 ||| PLANNING TEMPLE
  2613 | D:5      | Found a runed translucent door.
  2615 | D:5      | Noticed qw's ghost (amateur GrHs)
  2617 | Temple   | Entered the Ecumenical Temple
  2618 | Temple   | 2618 ||| PLANNING OKAWARU WORSHIP
  2624 | Temple   | Became a worshipper of Warmaster Okawaru
  2625 | Temple   | 2625 ||| PLANNING D:1-11
  2693 | D:5      | Noticed an ice beast
  2700 | D:5      | Killed an ice beast
  2851 | D:5      | Found a glowing silver altar of Zin.
  3106 | D:5      | HP: 12/52 [gnoll/+0 halberd (8)]
  3107 | D:5      | 3107 ||| READING 2 scrolls of teleportation.
  3560 | D:6      | Noticed a water moccasin
  3566 | D:6      | Reached skill level 7 in Ranged Weapons
  3569 | D:6      | HP: 12/52 [water moccasin (7)]
  3570 | D:6      | 3570 ||| READING scroll of teleportation.
  3571 | D:6      | HP: 4/52 [poisoned by a water moccasin]
  3571 | D:6      | Killed a water moccasin
  3572 | D:6      | Reached XP level 7. HP: 4/59 MP: 7/7
  3572 | D:6      | HP: 1/59 [poisoned by a water moccasin]
  3573 | D:6      | 3573 ||| DRINKING potion of curing.
  3573 | D:6      | 3573 ||| (to cure poison)
  3757 | D:6      | Reached * piety under Okawaru
  3758 | D:6      | Reached skill level 8 in Ranged Weapons
  3907 | D:6      | Reached skill level 1 in Invocations
  3931 | D:6      | 3931 ||| INVOKING Heroism.
  3932 | D:6      | 3932 ||| Stepping ~*~*~tactically~*~*~ (outnumbered).
  4147 | D:6      | Noticed Prince Ribbit
  4148 | D:6      | 4148 ||| INVOKING Heroism.
  4155 | D:6      | Killed Prince Ribbit
  4156 | D:6      | Reached skill level 3 in Invocations
  4156 | D:6      | Reached XP level 8. HP: 68/68 MP: 6/9
  4500 | D:6      | 4500 ||| INVOKING Heroism.
  4561 | D:6      | 4561 ||| INVOKING Heroism.
  4768 | D:6      | 4768 ||| UPGRADING to ring of protection from fire.
  4770 | D:6      | 4770 ||| READING scroll labelled YWYQUS KUKHLERY.
  4796 | D:7      | Reached skill level 9 in Ranged Weapons
  4809 | D:7      | Noticed a two-headed ogre
  4810 | D:7      | 4810 ||| INVOKING Heroism.
  4817 | D:7      | Killed a two-headed ogre
  4817 | D:7      | Reached ** piety under Okawaru
  4818 | D:7      | Reached skill level 6 in Dodging
  4818 | D:7      | Reached XP level 9. HP: 29/74 MP: 9/11
  4964 | D:7      | Noticed Menkaure
  4965 | D:7      | 4965 ||| INVOKING Heroism.
  4967 | D:7      | Killed Menkaure
  5013 | D:7      | 5013 ||| READING scroll of enchant weapon.
  5013 | D:7      | 5013 ||| ENCHANTING +3 heavy sling.
  5067 | D:7      | 5067 ||| READING scroll of enchant weapon.
  5067 | D:7      | 5067 ||| ENCHANTING +4 heavy sling.
  5110 | D:7      | Reached skill level 6 in Fighting
  5349 | D:7      | 5349 ||| READING scroll labelled YMOELICWEGU.
  5462 | D:7      | 5462 ||| READING scroll labelled IXZUIR EX GYS.
  5463 | D:7      | 5463 ||| DRINKING 2 bubbling blue potions.
  5464 | D:7      | 5464 ||| READING 2 scrolls of identify.
  5464 | D:7      | 5464 ||| IDENTIFYING pink potion
  5465 | D:7      | 5465 ||| DROPPING potion of degeneration.
  5466 | D:7      | 5466 ||| DROPPING potion of berserk rage.
  5576 | D:8      | Reached skill level 10 in Ranged Weapons
  5580 | D:8      | 5580 ||| INVOKING Heroism.
  5584 | D:8      | HP: 13/78 [yak (11)]
  5585 | D:8      | 5585 ||| READING scroll of teleportation.
  5587 | D:8      | HP: 2/78 [yak (7)]
  5743 | D:8      | 5743 ||| INVOKING Heroism.
  5840 | D:8      | Reached skill level 11 in Ranged Weapons
  5890 | D:8      | Reached skill level 3 in Armour
  6139 | D:8      | 6139 ||| INVOKING Heroism.
  6266 | D:8      | 6266 ||| UPGRADING to +0 cloak.
  6271 | D:8      | 6271 ||| DROPPING scarf of shadows.
  6272 | D:8      | 6272 ||| READING scroll labelled PILLERCHUMUM.
  6372 | D:8      | 6372 ||| STAIRDANCE
  6440 | D:8      | 6440 ||| STAIRDANCE
  6504 | D:9      | Noticed Psyche
  6505 | D:9      | 6505 ||| INVOKING Heroism.
  6513 | D:9      | Killed Psyche
  6513 | D:9      | Reached *** piety under Okawaru
  6514 | D:9      | Reached skill level 12 in Ranged Weapons
  6514 | D:9      | Reached XP level 10. HP: 54/80 MP: 10/12
  6796 | D:9      | 6796 ||| INVOKING Heroism.
  6860 | D:9      | 6860 ||| SWAPPING to +2 orcbow of draining.
  6861 | D:9      | 6861 ||| DROPPING +5 heavy sling.
  7278 | D:10     | Entered Level 10 of the Dungeon
  7287 | D:10     | Noticed a deep elf pyromancer
  7307 | D:10     | 7307 ||| INVOKING Heroism.
  7308 | D:10     | Killed a deep elf pyromancer
  7436 | D:10     | Found a transporter.
  7438 | D:10     | Found a corrupted altar of Lugonu.
  7438 | D:10     | Noticed a brown ugly thing
  7438 | D:10     | Noticed a white ugly thing
  7440 | D:10     | Noticed a brown ugly thing
  7462 | D:10     | HP: 19/88 [something (7)]
  7463 | D:10     | HP: 2/88 [something (9)]
  7464 | D:10     | Slain by a vampire

Levels and vault maps discovered:
D:1:      dpeg_arrival_arbitrary_a, layout_basic
D:2:      layout_basic, hellmonk_ecumenical_altar_inner_sanctum,
          uniq_crazy_yiuf_cottage
D:3:      layout_rooms, kennysheep_generic_room_16, uniq_robin
D:4:      layout_rooms, marbit_many_paths, gammafunk_temple_overflow_claw
D:5:      layout_basic, overflow_temple_1_default,
          minmay_temple_entry_offerings, hellmonk_ghost_happy_afterlife,
          minmay_misc_feat_columns
D:6:      layout_basic, uniq_prince_ribbit1
D:7:      layout_rooms, chequers_serial_rivers_micro_d, uniq_menkaure
D:8:      layout_basic
D:9:      layout_roguey, st_stairs_2, uniq_psyche
D:10:     gammafunk_corrupted_shrine, layout_rooms, dpeg_lair_monsters,
          orc_0_dummy, disabler_island
Temple:   sentei_temple_godly_chess

Skill      XL: |  1  2  3  4  5  6  7  8  9 10 |
---------------+-------------------------------+-----
Ranged Weapons | 3 4 5 6 7 8 9 12 | 12.8
Fighting       | 2 4 5 7 8 |  8.0
Armour         | 1 2 3 4 |  4.0
Invocations    | 3 4 |  4.0
Dodging        | 6 |  6.3
Spellcasting   | |  1.0
Hexes          | |  2.0

Action                     |  1- 3 |  4- 6 |  7- 9 | 10-12 || total
---------------------------+-------+-------+-------+-------++-------
   Fire: Sling             |    67 |   128 |   209 |    35 ||   439
         Orcbow            |       |       |       |    68 ||    68
 Invoke: Heroism           |       |       |    10 |     2 ||    12
    Use: Scroll            |     3 |     7 |     8 |       ||    18
         Potion            |     2 |     3 |     2 |       ||     7
 Armour: Leather armour    |     1 |     9 |       |       ||    10
         Ring mail         |       |    31 |    35 |    20 ||    86
  Dodge: Dodged            |     7 |    86 |    78 |    28 ||   199

Table legend:
 A = Non-vault XP
 B = Vault XP
 C = Vault XP percentage of total XP
 D = Non-vault monster count
 E = Vault monster count
 F = Vault count percentage of total count
                 A         B        C        D         E       F
            +---------+---------+-------+---------+---------+-------
      Total |    6752 |     936 |  12.2 |     157 |      19 |  10.8
            +---------+---------+-------+---------+---------+-------
        D:1 |      27 |       0 |   0.0 |      17 |       0 |   0.0
        D:2 |      16 |       0 |   0.0 |       8 |       0 |   0.0
        D:3 |      64 |      49 |  43.4 |      12 |      13 |  52.0
        D:4 |     163 |      13 |   7.4 |      11 |       1 |   8.3
        D:5 |     299 |       0 |   0.0 |       9 |       0 |   0.0
        D:6 |    1028 |     255 |  19.9 |      26 |       1 |   3.7
        D:7 |    1427 |     172 |  10.8 |      20 |       1 |   4.8
        D:8 |    1987 |       0 |   0.0 |      25 |       0 |   0.0
        D:9 |    1108 |     447 |  28.7 |      26 |       3 |  10.3
       D:10 |     633 |       0 |   0.0 |       3 |       0 |   0.0
            +---------+---------+-------+---------+---------+-------
